 Dungeon Crawl Stone Soup version 0.30.1-9-gdf580d7c3d (webtiles) character file.

Game seed: 7654676772933482932

1836 Kranky the Trooper (level 8, -1/73 HPs)
             Began as a Minotaur Fighter on Oct 23, 2023.
             Was a Plaything of Xom.
             Slain by a bullfrog (3 damage)
             ... on level 7 of the Dungeon.
             The game lasted 00:08:18 (5421 turns).

Kranky the Trooper (Minotaur Fighter)               Turns: 5421, Time: 00:08:18

Health: -1/73      AC: 10    Str: 23    XL:     8   Next: 87%
Magic:  7/7        EV: 11    Int:  5    God:    Xom [..*...]
Gold:   426        SH:  5    Dex: 10    Spells: 7/7 levels left

rFire   . . .        a - +1 trident
rCold   . . .        c - +0 buckler
rNeg    . . .        b - +0 scale mail
rPois   .            (helmet restricted)
rElec   .            (no cloak)
rCorr   .            l - +1 pair of gloves
SInv    .            (no boots)
Will    .....        (no amulet) Stlth
                     (no ring)
HPRegen 0.32/turn    (no ring)
MPRegen 0.10/turn

%: no passive effects
@: lethally poisoned (-1 -> -3)
A: horns 2, retaliatory headbutt
a: Renounce Religion


You were on level 7 of the Dungeon.
You worshipped Xom.
You were a toy of Xom.
You visited 1 branch of the dungeon, and saw 7 of its levels.

You collected 426 gold pieces.

Inventory:

Hand Weapons
 a - a +1 trident (weapon)
Missiles
 s - 2 silver javelins (quivered)
Armour
 b - a +0 scale mail (worn)
 c - a +0 buckler (worn)
 l - a +1 pair of gloves (worn)
Wands
 g - a wand of paralysis (7)
Scrolls
 e - 7 scrolls of identify
 i - a scroll of blinking {unknown}
 j - a scroll of teleportation
 p - a scroll of fog {unknown}
 q - 2 scrolls of fear
 r - a scroll of silence {unknown}
 t - 2 scrolls of brand weapon {unknown}
 u - a scroll of poison {unknown}
Potions
 d - 3 potions of might
 f - a potion of degeneration
 h - a potion of lignification {unknown}
 k - 2 potions of brilliance
 m - a potion of curing
 n - 3 potions of heal wounds
 o - 4 potions of flight
 v - a potion of mutation
 w - a potion of haste


   Skills:
 + Level 7.1 Fighting
 + Level 6.6 Polearms
 + Level 7.1 Armour
 + Level 5.4 Dodging
 + Level 7.1 Shields


You had 7 spell levels left.
You didn't know any spells.
Your spell library contained the following spells:

 Spells                   Type           Power      Damage    Failure   Level
 Apportation              Tloc           0%         N/A       82%         1
 Necrotise                Necr           0%         1d4       82%         1
 Sandblast                Erth           0%         2d4       82%         1
 Sting                    Tmut/Pois      0%         1d3       82%         1
 Summon Small Mammal      Summ           0%         N/A       82%         1
 Passwall                 Tmut/Erth      0%         N/A       91%         2
 Poisonous Vapours        Pois/Air       0%         N/A       91%         2
 Sublimation of Blood     Necr           0%         N/A       91%         2
 Frozen Ramparts          Ice            0%         1d1       99%         3
 Stone Arrow              Conj/Erth      0%         3d7       99%         3
 Animate Armour           Summ/Erth      0%         N/A       100%        4
 Ice Form                 Ice/Tmut       0%         N/A       100%        4
 Olgreb's Toxic Radiance  Pois           0%         N/A       100%        4
 Passage of Golubria      Tloc           0%         N/A       100%        4
 Petrify                  Tmut/Erth      0%         N/A       100%        4
 Summon Ice Beast         Ice/Summ       0%         N/A       100%        4
 Irradiate                Conj/Tmut      0%         3d11      100%        5
 Silence                  Hex/Air        0%         N/A       100%        5
 Lehudib's Crystal Spear  Conj/Erth      0%         10d2      100%        8


Dungeon Overview and Level Annotations

Branches:
Dungeon (7/15)             Temple (0/1) D:7

Altars:
Ashenzari
Hepliaklqana
Makhleb
Sif Muna
Xom
The Shining One

Shops:
D:4 ?


Innate Abilities, Weirdness & Mutations

You have a pair of horns on your head.
You reflexively headbutt those who attack you in melee.


Message History

You miss the killer bee.
The killer bee is almost dead.
* * * LOW HITPOINT WARNING * * *
You feel sick. The killer bee stings you.
* * * LOW HITPOINT WARNING * * *
A gnoll comes into view. It is wielding a +0 whip.
The killer bee barely misses you.
Okay, then.
You feel better. You block the killer bee's attack. The killer bee stings you.
* * * LOW HITPOINT WARNING * * *
You barely miss the killer bee. Your headbutt misses the killer bee.
The killer bee is severely wounded.
You block the killer bee's attack.
The orc wizard mumbles some strange words.
The orc wizard flickers and vanishes!
Deactivating autopickup; reactivate with Ctrl-A.
You block the killer bee's attack.
You closely miss the killer bee.
The killer bee is severely wounded.
The killer bee stings you.
* * * LOW HITPOINT WARNING * * *
You are lethally poisoned!
The killer bee poisons you! You block the killer bee's attack.
Unknown command.
You miss the killer bee. Your headbutt misses the killer bee.
The killer bee is severely wounded.
* * * LOW HITPOINT WARNING * * *
You feel sick.
The killer bee stings you but does no damage. x2
You puncture the killer bee!
You kill the killer bee!
* * * LOW HITPOINT WARNING * * *
You feel sick. The bullfrog closely misses you. You furiously retaliate!
You headbutt the bullfrog, but do no damage.
You hit the bullfrog.
The bullfrog is moderately wounded.
* * * LOW HITPOINT WARNING * * *
You feel sick. The bullfrog hits you.
You die...
Xom chuckles heartily!

#...###.#
####.# .⌠.#...#
..#...# .....
###### #†.#
..... +go# ....
##g### ........
#{F.# .. .....
###@## .##.#.#
#..##......#
##...# ..#
###.##..#
#.....##
#......#
#.##...##
#####)......#
#..^..#....>...


You could see a bullfrog, 2 gnolls and an orc.

Vanquished Creatures
  Sigmund (D:6)
  An ice beast (D:7)
  An orc warrior (D:6)
  2 centaurs
  4 ogres
  A kobold brigand (D:6)
  A bullfrog (D:7)
  4 scorpions
  2 killer bees (D:7)
  5 hounds
  A gnoll bouda (D:6)
  2 orc priests
  A sleepcap (D:5)
  4 iguanas
  4 gnolls (D:6)
  3 adders
  A shadow imp (D:5)
  A white imp (D:5)
  2 ufetubi (D:4)
  3 worms
  4 dart slugs
  7 orcs
  5 bats
  4 endoplasms
  3 giant cockroaches
  6 goblins
  6 hobgoblins
  5 jackals
  6 kobolds
  A quokka (D:2)
  7 ball pythons
  4 frilled lizards
  3 rats
105 creatures vanquished.

Notes
Turn   | Place    | Note
-------+----------+-------------------------------------------
     0 | D:1      | Kranky the Minotaur Fighter began the quest for the Orb.
     0 | D:1      | Reached XP level 1. HP: 19/19 MP: 0/0
   298 | D:1      | Reached XP level 2. HP: 27/27 MP: 1/1
   595 | D:1      | Reached skill level 1 in Dodging
  1139 | D:2      | Reached XP level 3. HP: 33/33 MP: 2/2
  1836 | D:3      | Noticed a centaur
  1852 | D:3      | Killed a centaur
  1853 | D:3      | Reached XP level 4. HP: 5/41 MP: 3/3
  2111 | D:3      | Reached XP level 5. HP: 47/47 MP: 4/4
  2579 | D:3      | Found a hazy altar of Hepliaklqana.
  2815 | D:4      | Reached XP level 6. HP: 41/55 MP: 5/5
  2882 | D:4      | Found Aveuhune's Magic Scroll Boutique.
  2957 | D:4      | Reached skill level 5 in Armour
  3039 | D:4      | Reached skill level 5 in Fighting
  3039 | D:4      | Reached skill level 5 in Shields
  3058 | D:4      | Found a shimmering altar of Xom.
  3059 | D:4      | Found a glowing golden altar of the Shining One.
  3059 | D:4      | Found a shimmering blue altar of Sif Muna.
  3245 | D:4      | Found a burning altar of Makhleb.
  3326 | D:4      | Became a worshipper of Xom of Chaos
  3362 | D:5      | Entered Level 5 of the Dungeon
  3372 | D:5      | XOM: butterfly on damage
  3593 | D:5      | XOM: silly message
  3844 | D:5      | XOM: butterfly on damage
  3846 | D:5      | Reached XP level 7. HP: 34/61 MP: 6/6
  4131 | D:5      | XOM: silly message
  4268 | D:5      | XOM is BORED!
  4268 | D:5      | XOM: noise
  4487 | D:6      | XOM: butterfly on damage
  4488 | D:6      | XOM: smoke on damage
  4490 | D:6      | XOM: noise
  4491 | D:6      | XOM: potion effect (might)
  4495 | D:6      | Reached skill level 5 in Polearms
  4651 | D:6      | XOM: silly message
  4655 | D:6      | Reached XP level 8. HP: 47/70 MP: 7/7
  4665 | D:6      | Noticed Sigmund
  4685 | D:6      | Killed Sigmund
  4736 | D:6      | XOM: silly message
  4986 | D:6      | Found a broken altar of Ashenzari.
  5094 | D:6      | XOM: god gift: 23 gold pieces
  5212 | D:6      | XOM is BORED!
  5264 | D:7      | XOM: potion effect (might)
  5265 | D:7      | XOM: silly message
  5270 | D:7      | XOM: silly message
  5289 | D:7      | Reached skill level 5 in Dodging
  5380 | D:7      | Found a staircase to the Ecumenical Temple.
  5397 | D:7      | XOM: potion effect (heal wounds)
  5401 | D:7      | XOM: silly message
  5415 | D:7      | HP: 3/73 [killer bee (2)]
  5420 | D:7      | HP: 2/73 [poisoned by a killer bee]
  5421 | D:7      | Slain by a bullfrog

Illustrated notes

Levels and vault maps discovered:
D:1:      dpeg_arrival_round_a, layout_basic
D:2:      layout_loops_cross, nrook_loot_triangle
D:3:      layout_basic, nicolae_hepliaklqana_hippocampus
D:4:      layout_rooms, nicolae_overflow_quartered_altars, serial_shops,
          nicolae_shop_tiny_glass, hangedman_decor_clover_reticule
D:5:      layout_loops_ring
D:6:      layout_cave_pools, evilmike_ruin_ashenzari, st_stairs_12,
          dreamdust_princess_bridge, uniq_sigmund
D:7:      layout_basic, grunt_gozag_breadcrumbs, minmay_temple_entry_junction_2,
          hangedman_decor_growths, reono_crystal_passage, uniq_menkaure

Skill      XL: |  1  2  3  4  5  6  7  8 |
---------------+-------------------------+-----
Dodging        | 1 2 3 4 5 |  5.4
Shields        | 4 5 6 7 |  7.1
Fighting       | 4 5 6 7 |  7.1
Polearms       | 3 4 5 6 |  6.6
Armour         | 4 5 6 7 |  7.1

Action                     |  1- 3 |  4- 6 |  7- 9 || total
---------------------------+-------+-------+-------++-------
  Melee: Trident           |    96 |   106 |   150 ||   352
         Headbutt          |     7 |    15 |    23 ||    45
    Use: Scroll            |       |     5 |     7 ||    12
         Potion            |       |       |     1 ||     1
 Armour: Scale mail        |    26 |    53 |    59 ||   138
  Dodge: Dodged            |    32 |    55 |    64 ||   151
  Block: Buckler           |    12 |    23 |    30 ||    65
